 Dungeon Crawl Stone Soup version 0.28.0-45-g0d030f2227 (webtiles) character file.

Game seed: 3102789068258108780

77 issech the Cudgeller (level 4, -2/45 HPs)
             Began as a Troll Monk on Apr 24, 2022.
             Slain by an adder (3 damage)
             ... on level 2 of the Dungeon.
             The game lasted 00:05:14 (1769 turns).

issech the Cudgeller (Troll Monk)                   Turns: 1769, Time: 00:05:15

Health: -2/45      AC:  4    Str: 19    XL:     4   Next: 14%
Magic:  0/3        EV: 10    Int:  6    God:
Gold:   128        SH:  0    Dex: 14    Spells: 3/3 levels left

rFire   . . .      SeeInvis .   o - +0 flail
rCold   . . .      Faith    .   (no shield)
rNeg    . . .      Spirit   +   b - +0 robe
rPois   .          Reflect  .   (helmet restricted)
rElec   .          Harm     .   (no cloak)
rCorr   .          Rampage  .   (gloves unavailable)
Will    .....                   (boots unavailable)
Stlth   ++........              p - amulet of guardian spirit
HPRegen 0.95/turn               (no ring)
MPRegen 0.08/turn               (no ring)

@: lethally poisoned (-2 -> -4)
A: large, unfitting armour, claws 3, regeneration 1, shaggy fur 1, tough skin 1
a: no special abilities


You were on level 2 of the Dungeon.
You visited 1 branch of the dungeon, and saw 3 of its levels.

You collected 128 gold pieces.

Inventory:

Hand Weapons
 a - a +0 mace
 o - a +0 flail (weapon)
Missiles
 c - 22 arrows
 d - 81 stones (quivered)
 g - 22 bolts
Armour
 b - a +0 robe (worn)
Jewellery
 p - an amulet of guardian spirit (around neck)
Scrolls
 e - a scroll of vulnerability {unknown}
 f - a scroll of enchant armour {unknown}
 h - a scroll of torment {unknown}
 i - 2 scrolls of identify {unknown}
 k - a scroll of blinking {unknown}
 n - a scroll of magic mapping {unknown}
Potions
 j - a potion of degeneration {unknown}
 l - a potion of curing {unknown}
 m - 2 potions of invisibility {unknown}


   Skills:
 + Level 3.0 Fighting
 + Level 3.5 Maces & Flails
 + Level 2.8 Dodging
 + Level 1.2 Stealth


You had 3 spell levels left.
You didn't know any spells.
Your spell library contained the following spells:

 Spells                   Type           Power      Damage    Failure   Level
 Inner Flame              Hex/Fire       0%         N/A       83%         3
 Cause Fear               Hex            0%         N/A       99%         4
 Discord                  Hex            0%         N/A       100%        8


Dungeon Overview and Level Annotations

Branches:
Dungeon (3/15)

Altars:


Innate Abilities, Weirdness & Mutations

You are too large for most types of armour.
You have claws for hands.
Your natural rate of healing is unusually fast.
You are covered in fur. (AC +1)
You have tough skin. (AC +1)


Message History

The adder bites you.
* * * LOW HITPOINT WARNING * * *
The orc wizard gestures at you while chanting.
You resist with some effort.
There is a stone staircase leading up here.
The adder completely misses you.
You climb upwards.
There is a stone staircase leading down here.
The adder bites you.
* * * LOW HITPOINT WARNING * * *
You sock the adder!
The adder is severely wounded.
The adder bites you but does no damage.
You closely miss the adder.
The adder is severely wounded.
The adder bites you but does no damage. The adder completely misses you.
You miss the adder.
The adder is severely wounded.
The adder bites you.
* * * LOW HITPOINT WARNING * * *
You are poisoned.
The adder poisons you!
You closely miss the adder.
The adder is severely wounded.
You feel sick. The adder bites you.
* * * LOW HITPOINT WARNING * * *
The adder bites you but does no damage.
You closely miss the adder.
The adder is severely wounded.
You feel sick. The adder bites you.
* * * LOW HITPOINT WARNING * * *
The adder bites you.
* * * LOW HITPOINT WARNING * * *
You are lethally poisoned!
The adder poisons you!
You hit the adder but do no damage.
The adder is severely wounded.
* * * LOW HITPOINT WARNING * * *
You feel sick. The adder bites you.
You die...

##.##.#.#.## #.. #..##.#.#..# ###
#.###.#.##.#########.
#.###................
##.#.....##########...
#....................# ###
###..##....####.........
##.###.#####S##.# #.........
##...#...###.@##.####.......)#
#..#†#.#..##.###...##........#
#..#.#.#..##.# ###.#########..
#..#####..##.# #....## #..
####..#.#†.##### ####..#####..
##..##.....##..## ##....##..
#....##...##....## #########.....
......#...#......# #....# #####..
..##..##.##..##..###....###......


You could see an adder.

Vanquished Creatures
  A gnoll (D:1)
  3 adders
  A worm (D:2)
  An orc (D:3)
  5 endoplasms
  2 giant cockroaches
  2 goblins
  5 hobgoblins
  5 kobolds
  2 quokkas (D:2)
  2 bats
  3 frilled lizards
  2 rats
34 creatures vanquished.

Vanquished Creatures (others)
  A plant (D:3)
1 creature vanquished.

Grand Total: 35 creatures vanquished

Notes
Turn   | Place    | Note
-------+----------+-------------------------------------------
     0 | D:1      | issech the Troll Monk began the quest for the Orb.
     0 | D:1      | Reached XP level 1. HP: 22/22 MP: 0/0
    70 | D:1      | Reached XP level 2. HP: 15/29 MP: 1/1
   682 | D:1      | Found a faded altar of an unknown god.
   947 | D:2      | Reached XP level 3. HP: 32/36 MP: 2/2
  1402 | D:2      | Identified the +2 chain mail of Xom's Supremacy {Str+6
                  | Dex+3}
  1715 | D:3      | Reached XP level 4. HP: 44/45 MP: 3/3
  1768 | D:2      | HP: 2/45 [adder (4)]
  1769 | D:2      | Slain by an adder

Illustrated notes

Levels and vault maps discovered:
D:1:      minmay_arrival_radiant_lines, layout_loops_corners,
          shapermc_ecumenical_altar_notcrosses, st_stairs_7
D:2:      layout_rooms, minmay_puff
D:3:      layout_loops_ring, amcnicky_altar_gilded, chequers_jeans,
          chequers_big_river

Skill      XL: |  1  2  3 |
---------------+----------+-----
Maces & Flails | 3 |  3.5
Fighting       | 3 |  3.0
Dodging        | |  2.8
Stealth        | |  1.2

Action                   |  1- 3 |  4- 6 || total
-------------------------+-------+-------++-------
Melee: Mace              |   119 |     8 ||   127
       Punch             |     1 |     1 ||     2
       Flail             |       |    13 ||    13
 Stab: Sleeping          |     1 |       ||     1
       Distracted        |     1 |       ||     1
Armor: Robe              |    41 |     9 ||    50
Dodge: Dodged            |    72 |     9 ||    81
